 Dungeon Crawl Stone Soup version 0.26-a0-259-g1effd001a9 (webtiles) character file.

Game seed: 14646948872791811830

4345 Apogee the Thaumaturge (level 10, -9/50 HPs)
             Began as a Deep Elf Conjurer on July 25, 2020.
             Was a Believer of Sif Muna.
             Mangled by Harold
             ... wielding a +1 war axe of electrocution
              (13 damage)
             ... on level 9 of the Dungeon.
             The game lasted 00:30:26 (9795 turns).

Apogee the Thaumaturge (Deep Elf Conjurer)          Turns: 9795, Time: 00:30:26

Health: -9/50      AC: 11    Str:  4    XL:     10   Next: 12%
Magic:  9/28       EV: 13    Int: 27    God:    Sif Muna [**....]
Gold:   483        SH:  0    Dex: 19    Spells: 20/34 levels left

rFire    . . .     SeeInvis +   c - +0 dagger
rCold    . . .     Faith    .   (no shield)
rNeg     . . .     Spirit   .   L - +0 steam dragon scales (curse)
rPois    .         Reflect  .   O - +2 helmet {SInv}
rElec    .         Harm     .   (no cloak)
rCorr    .                      J - +1 pair of gloves
MR       ++...                  N - +0 pair of boots
Stlth    ++........             (no amulet)
HPRegen  0.16/turn              l - ring of protection from magic
MPRegen  0.21/turn              A - +6 ring of dexterity

@: no status effects
A: no striking features
a: Channel Magic, Renounce Religion


You were on level 9 of the Dungeon.
You worshipped Sif Muna.
Sif Muna was pleased with you.
You were not hungry.

You visited 2 branches of the dungeon, and saw 10 of its levels.

You collected 483 gold pieces.

Inventory:

Hand Weapons
 c - a +0 dagger (weapon)
   (You took it off a goblin on level 1 of the Dungeon)
 P - a +10 hunting sling
   (You took it off Joseph on level 8 of the Dungeon)
Missiles
 b - 42 poisoned darts (quivered)
 f - 370 stones
Armour
 J - a +1 pair of gloves (worn)
   (You found it on level 7 of the Dungeon)
 L - cursed +0 steam dragon scales (worn)
   (You took it off Maggie on level 7 of the Dungeon)
 N - a +0 pair of boots (worn)
   (You found it on level 8 of the Dungeon)
 O - a +2 helmet of see invisible (worn)
   (You found it on level 8 of the Dungeon)
Jewellery
 l - a ring of protection from magic (left hand)
   (You found it on level 6 of the Dungeon)
 r - an uncursed ring of fire
   (You found it on level 3 of the Dungeon)
 A - a +6 ring of dexterity (right hand)
   (You found it on level 5 of the Dungeon)
 Q - an uncursed ring of magical power {unknown}
   (You found it on level 8 of the Dungeon)
Wands
 t - a wand of flame (31)
   (You found it on level 4 of the Dungeon)
 u - a wand of paralysis (21)
   (You found it on level 2 of the Dungeon)
 w - a wand of enslavement (12)
   (You found it on level 4 of the Dungeon)
 x - a wand of acid (8)
   (You found it on level 3 of the Dungeon)
 I - a wand of clouds (4)
   (You found it on level 7 of the Dungeon)
Scrolls
 g - 3 scrolls of fog {unknown}
 i - a scroll of blinking {unknown}
 n - 2 scrolls of immolation {unknown}
 q - 5 scrolls of remove curse {unknown}
 s - 3 scrolls of enchant armour {unknown}
 v - 4 scrolls of teleportation {unknown}
 y - 3 scrolls of amnesia {unknown}
 E - a scroll of torment {unknown}
 F - a scroll of magic mapping {unknown}
 R - a scroll of random uselessness {unknown}
Potions
 d - 3 potions of mutation {!q}
 h - 3 potions of ambrosia
 j - a potion of heal wounds {unknown}
 k - 3 potions of degeneration {!q}
 o - a potion of brilliance
 B - 3 potions of curing {@q1}
 C - a potion of berserk rage
 D - a potion of lignification {unknown}
 K - a potion of stabbing {unknown}
Comestibles
 e - 26 rations {!d}


   Skills:
 + Level 0.3 Fighting
 - Level 2.4 Dodging
 - Level 2.4 Stealth
 + Level 12.8 Spellcasting
 - Level 11.2 Conjurations
 + Level 4.1 Hexes
 - Level 4.0 Translocations


You had 20 spell levels left.
You knew the following spells:

 Your Spells              Type           Power        Failure   Level
a - Magic Dart            Conj           ####         1%          1
b - Dazzling Flash        Conj/Hex       ######       1%          3
s - Searing Ray           Conj           ######       1%          2
x - Iskenderun's Mystic   Conj/Tloc      ######..     1%          4
z - Fulminant Prism       Conj/Hex       ######....   1%          4

Your spell library contained the following spells:

 Spells                   Type           Power        Failure   Level
 Beastly Appendage        Tmut           ###...       3%          1
 Sticks to Snakes         Tmut           ###.....     4%          2
 Spider Form              Tmut/Pois      ###.......   10%         3
 Ice Form                 Ice/Tmut       ###.....     32%         4
 Blade Hands              Tmut           ###.......   65%         5


Dungeon Overview and Level Annotations

Branches:
Dungeon (9/15)             Temple (1/1) D:4
   Lair: D:8-11         Orc: D:9-12

Altars:
Ashenzari
Cheibriados
Dithmenos
Elyvilon
Fedhas
Gozag
Hepliaklqana
Makhleb
Nemelex Xobeh
Okawaru
Qazlal
Ru
Sif Muna
Trog
Uskayaw
Vehumet
Wu Jian
Zin
The Shining One

Shops:
D:6 [

Annotations:
D:3 1 runed translucent door, Crazy Yiuf
D:9 Harold


Message History

Done exploring.
There is a stone staircase leading down here.
You climb downwards.
Level annotation: Harold A hound comes into view.
The hound barks!
Harold casts a spell at you.
You barely resist.
The hound moves out of view.
There is a stone staircase leading up, spattered with blood here.
You conjure a prism of explosive energy!
A fulminant prism comes into view.
Okay, then.
Okay, then.
Aim: a hound
Okay, then.
Aim: a hound The magic dart hits the hound.
Your fulminant prism crackles loudly.
Aim: a hound (lightly wounded)
The magic dart hits the hound.
The blast of energy engulfs Harold!!
The hound bites you.
You conjure a prism of explosive energy!
A fulminant prism comes into view.
Harold hits your fulminant prism with a +1 war axe of electrocution!!
The hound closely misses you.
You conjure a prism of explosive energy!
A fulminant prism comes into view.
The hound misses you.
Harold hits your fulminant prism with a +1 war axe of electrocution!
The hound barely misses you.
Aim: a hound (moderately wounded)
The magic dart hits the hound!
The hound barely misses you.
Harold looks eager to get this over with.
Your fulminant prism crackles loudly.
Aim: a hound (severely wounded)
The magic dart hits the hound!
You kill the hound!
Sif Muna accepts your kill. Harold shouts, "Can you die now?
I had plans for the rest of the day!"
Harold fires a harpoon shot at you. The harpoon shot hits you!
You are yanked forward by the harpoon shot.
The blast of energy engulfs you!!
Ouch! That really hurt!
* * * LOW HITPOINT WARNING * * *
The blast of energy engulfs Harold!
You erupt in a blast of force!
The mystic blast hits Harold but does no damage.
Harold hits you with a +1 war axe of electrocution!
You die...

#.....).....................†....
...........÷....##.......##....#
.........÷..######......###.#..#
.....###.#.## #....#######..#
.....# # #..# #...###.###..#
###.##### ##............# #
#.......###.............#
##.#.###.....<.(##).........####
#.....÷........@@...........#
##................#.........#
.........[..................##
#........##...................
##...#....(.......>.#.......###
....####........#...#......##
...# ...........####....### ...
...#....#... ##... ..####..##...
...#


You could see Harold.

Vanquished Creatures
  Erica (D:8)
  Joseph (D:8)
  Maggie (D:7)
  Prince Ribbit (D:5)
  A hornet (D:7)
  A hippogriff (D:8)
  Eustachio (D:5)
  3 orc warriors
  2 sky beasts
  An ice beast (D:8)
  2 ogres
  A necrophage (D:8)
  A phantom (D:8)
  5 bullfrogs
  2 howler monkeys (D:8)
  A quasit (D:8)
  8 hounds
  4 jellies
  A bullfrog zombie (D:3)
  4 orc priests
  3 orc wizards
  A bullfrog skeleton (D:9)
  A centaur skeleton (D:5)
  An iguana (D:5)
  4 worker ants
  A hound skeleton (D:4)
  Robin (D:2)
  6 gnolls
  A worker ant zombie (D:6)
  8 adders
  A shadow imp (D:5)
  3 white imps
  An ooze (D:2)
  2 adder skeletons
  2 dart slugs
  8 leopard geckos
  18 orcs
  8 bats
  4 giant cockroaches
  18 goblins
  8 hobgoblins
  9 jackals
  3 quokkas
  4 ball pythons
  5 frilled lizards
  7 kobolds
  A quokka skeleton (D:5)
  A quokka zombie (D:6)
  6 rats
  6 fulminant prisms
184 creatures vanquished.

Vanquished Creatures (others)
  40 fulminant prisms
  7 toadstools (D:1)
47 creatures vanquished.

Grand Total: 231 creatures vanquished

Notes
Turn   | Place    | Note
-------+----------+-------------------------------------------
     0 | D:1      | Apogee the Deep Elf Conjurer began the quest for the Orb.
     0 | D:1      | Reached XP level 1. HP: 10/10 MP: 6/6
    92 | D:1      | Reached XP level 2. HP: 15/15 MP: 2/8
    98 | D:1      | Learned a level 2 spell: Searing Ray
   409 | D:1      | Reached skill level 4 in Spellcasting
   515 | D:1      | Reached skill level 5 in Conjurations
   515 | D:1      | Reached XP level 3. HP: 19/19 MP: 5/10
   521 | D:1      | Learned a level 3 spell: Dazzling Flash
   916 | D:2      | Reached skill level 1 in Hexes
  1044 | D:2      | Noticed Robin
  1095 | D:2      | Killed Robin
  1095 | D:2      | Reached XP level 4. HP: 15/24 MP: 2/12
  1189 | D:2      | Learned a level 4 spell: Iskenderun's Mystic Blast
  1411 | D:2      | Noticed a sky beast
  1507 | D:2      | Killed a sky beast
  1507 | D:2      | Reached skill level 5 in Spellcasting
  1507 | D:2      | Reached XP level 5. HP: 10/28 MP: 4/14
  2278 | D:3      | Reached XP level 6. HP: 32/32 MP: 12/16
  2542 | D:3      | Reached skill level 6 in Spellcasting
  2683 | D:3      | Found a hide-covered altar of Uskayaw.
  2789 | D:3      | Found a runed translucent door.
  2790 | D:3      | Noticed Crazy Yiuf
  3131 | D:4      | Learned a level 4 spell: Fulminant Prism
  3238 | D:4      | Found a snail-covered altar of Cheibriados.
  3395 | D:4      | Found a staircase to the Ecumenical Temple.
  3406 | Temple   | Entered the Ecumenical Temple
  3556 | Temple   | Became a worshipper of Sif Muna the Loreminder
  3814 | D:4      | Found an ornate altar of the Wu Jian Council.
  3815 | D:4      | Found a sparkling altar of Nemelex Xobeh.
  3815 | D:4      | Found a white marble altar of Elyvilon.
  3815 | D:4      | Found a bloodstained altar of Trog.
  3953 | D:5      | Entered Level 5 of the Dungeon
  4066 | D:5      | Noticed Prince Ribbit
  4168 | D:5      | Reached XP level 7. HP: 36/36 MP: 9/18
  4308 | D:5      | Found an opulent altar of Gozag.
  4664 | D:5      | Noticed Eustachio
  4670 | D:5      | Killed Eustachio
  4670 | D:5      | Reached skill level 7 in Spellcasting
  4757 | D:5      | Killed Prince Ribbit
  5070 | D:6      | Found a burning altar of Makhleb.
  5070 | D:6      | Found a glowing silver altar of Zin.
  5071 | D:6      | Noticed an angel
  5071 | D:6      | Noticed a balrug
  5155 | D:6      | Found a hazy altar of Hepliaklqana.
  5338 | D:6      | Reached skill level 8 in Spellcasting
  5338 | D:6      | Reached XP level 8. HP: 41/41 MP: 17/22
  5521 | D:6      | Found Wepites's Antique Armour Emporium.
  5770 | D:6      | Found an iron altar of Okawaru.
  6098 | D:7      | Noticed a hornet
  6102 | D:7      | Killed a hornet
  6102 | D:7      | Reached skill level 9 in Spellcasting
  6301 | D:7      | Reached * piety under Sif Muna
  6584 | D:7      | Noticed Maggie
  6611 | D:7      | Killed Maggie
  6611 | D:7      | Reached skill level 10 in Spellcasting
  6973 | D:7      | Reached XP level 9. HP: 45/45 MP: 15/25
  7432 | D:8      | Noticed Erica
  7443 | D:8      | Killed Erica
  7443 | D:8      | Reached skill level 11 in Spellcasting
  7443 | D:8      | Reached skill level 10 in Conjurations
  7948 | D:8      | Reached skill level 12 in Spellcasting
  7977 | D:8      | Noticed Joseph
  8011 | D:8      | Killed Joseph
  8349 | D:8      | Reached XP level 10. HP: 50/50 MP: 18/28
  9347 | D:9      | Reached ** piety under Sif Muna
  9370 | D:9      | Noticed Harold
  9795 | D:9      | Mangled by Harold

Illustrated notes

Levels and vault maps discovered:
D:1:      nagdon_arrival_zigzag_paths, layout_rooms
D:2:      layout_basic, first_ration, uniq_robin
D:3:      layout_rooms, overflow_temple_1_default, minmay_shallow_snake_nest,
          uniq_crazy_yiuf_cottage
D:4:      layout_loops_ring, chequers_temple_overflow_statue_of_worship,
          old_standard_altar, minmay_temple_entry_glass
D:5:      layout_loops_ring, grunt_gozag_statues, uniq_eustachio,
          uniq_prince_ribbit1
D:6:      layout_basic, grunt_temple_overflow_order_and_chaos_2,
          okawaru_ov_weapons_minmay, nicolae_overflow_crystal_walls,
          serial_shops, nicolae_shop_overgrown_old_shop
D:7:      layout_cave_pools, uniq_maggie
D:8:      layout_layer_cave, uniq_joseph, uniq_erica
D:9:      layout_cave_pools, uniq_harold
Temple:   minmay_temple_forest_path

Skill      XL: |  1  2  3  4  5  6  7  8  9 |
---------------+----------------------------+-----
Spellcasting   | 4 5 6 8 10 12 | 12.8
Conjurations   | 5 6 7 9 11 | 11.2
Hexes          | 2 4 |  4.1
Translocations | 2 3 4 |  4.0
Fighting       | |  0.3
Dodging        | |  2.4
Stealth        | |  2.4

Action                   |  1- 3 |  4- 6 |  7- 9 | 10-12 || total
-------------------------+-------+-------+-------+-------++-------
Melee: Dagger            |     1 |       |     4 |     7 ||    12
 Cast: Magic Dart        |    62 |    99 |   101 |    36 ||   298
       Searing Ray       |     2 |     9 |    17 |       ||    28
       Fulminant Prism   |       |     1 |    34 |    11 ||    46
       Iskenderun's Myst |       |       |    12 |    12 ||    24
       Dazzling Flash    |       |       |     1 |     1 ||     2
Evoke: Wand              |       |       |     1 |       ||     1
  Use: Scroll            |       |       |       |     7 ||     7
  Eat: Ration            |       |     3 |     4 |     1 ||     8
Armor: Robe              |     3 |     3 |       |       ||     6
       Steam dragon scal |       |       |     2 |     5 ||     7
Dodge: Dodged            |    10 |    10 |    10 |    16 ||    46

Table legend:
 A = Non-vault XP
 B = Vault XP
 C = Vault XP percentage of total XP
 D = Non-vault monster count
 E = Vault monster count
 F = Vault count percentage of total count
                 A         B        C        D         E       F
            +---------+---------+-------+---------+---------+-------
      Total |    3914 |    2294 |  37.0 |     163 |      15 |   8.4
            +---------+---------+-------+---------+---------+-------
        D:1 |      49 |       0 |   0.0 |      27 |       0 |   0.0
        D:2 |     214 |      30 |  12.3 |      22 |       9 |  29.0
        D:3 |     251 |      14 |   5.3 |      28 |       1 |   3.4
        D:4 |     126 |       0 |   0.0 |       9 |       0 |   0.0
        D:5 |     213 |     481 |  69.3 |      12 |       2 |  14.3
        D:6 |     287 |       0 |   0.0 |      10 |       0 |   0.0
        D:7 |     833 |     385 |  31.6 |      15 |       1 |   6.2
        D:8 |    1667 |    1384 |  45.4 |      26 |       2 |   7.1
        D:9 |     274 |       0 |   0.0 |      14 |       0 |   0.0
            +---------+---------+-------+---------+---------+-------
